 Dungeon Crawl Stone Soup version 0.25-a0-834-g55863b0b92 (webtiles) character file.

Game seed: 7996172344134797223, levelgen mode: deterministic

25 Lavandula the Slasher (level 3, 0/19 HPs)
             Began as a Vine Stalker Chaos Knight on Apr 23, 2020.
             Was a Plaything of Xom.
             Slain by a hobgoblin
             ... wielding a +0 club
              (1 damage)
             ... on level 1 of the Dungeon.
             The game lasted 00:01:35 (408 turns).

Lavandula the Slasher (Vine Stalker Chaos Knight)    Turns: 408, Time: 00:01:36

Health: 0/19       AC:  4    Str: 14    XL:     3   Next: 6%
Magic:  0/4        EV: 11    Int: 12    God:    Xom [..*...]
Gold:   9          SH:  0    Dex: 12    Spells: 2/2 levels left

rFire    . . .     SeeInvis .   a - +0 falchion (chaos)
rCold    . . .     Gourm    .   (no shield)
rNeg     . . .     Faith    .   b - +2 leather armour
rPois    .         Spirit   +   h - +0 helmet
rElec    .         Reflect  .   (no cloak)
rCorr    .         Harm     .   (no gloves)
MR       .....     Rnd*Tele +   (no boots)
Stlth    +.........             (no amulet)
HPRegen  0.06/turn              d - ring of teleportation (curse)
MPRegen  0.09/turn              (no ring)

@: stab
A: fangs 2, clumsy 1, deformed body, sense surroundings 1, magic shield,
antimagic bite, no potion heal 3, rot immunity
a: Renounce Religion


You were on level 1 of the Dungeon.
You worshipped Xom.
You were a toy of Xom.
You were not hungry.

You visited 1 branch of the dungeon, and saw 1 of its levels.

You collected 9 gold pieces.

Inventory:

Hand Weapons
 a - a +0 falchion of chaos (weapon)
Missiles
 f - 22 poisoned darts (quivered)
Armour
 b - a +2 leather armour (worn)
 h - a +0 helmet (worn)
Jewellery
 d - a cursed ring of teleportation (left hand)
Potions
 e - a potion of lignification {unknown}
 g - a potion of berserk rage {unknown}
Comestibles
 c - a ration


   Skills:
 - Level 2.6 Fighting
 + Level 3.7 Long Blades
 - Level 1.5 Armour
 - Level 0.7 Dodging


You had 2 spell levels left.
You didn't know any spells.
Your spell library was empty.

Dungeon Overview and Level Annotations

Branches:
Dungeon (1/15)

Altars:


Innate Abilities, Weirdness & Mutations

You have extremely sharp teeth.
When hurt, damage is shared between your health and your magic reserves.
Your bite disrupts and absorbs the magic of your enemies.
Potions cannot restore your health.
You are immune to rotting.
You are clumsy. (Dex -2)
Armour fits poorly on your strangely shaped body.
You passively map a small area around you.


Message History

Your eyebrows wriggle.
The jumping spider leaps!
The jumping spider closely misses you.
The jumping spider bites you but does no damage.
Okay, then.
You completely miss the hobgoblin.
The hobgoblin is almost dead.
The jumping spider changes into a polar bear!
The hobgoblin barely misses you.
Unknown command.
You closely miss the hobgoblin.
The hobgoblin is almost dead.
The polar bear bites you.
* * * LOW HITPOINT WARNING * * *
The polar bear claws you but does no damage.
The polar bear claws you.
* * * LOW HITPOINT WARNING * * *
The hobgoblin hits you with a +0 club.
You die...
Xom laughs nastily!

.#.....# #.# ......## #.#
......# #.# ......# #.#
......##########!#
......##.......#.#
......##.......#.#
##+#+###.......#h#
*,*,###.......#@#
#.........#g#
#.#○......#.# *
#.#.....s.#.#
*,#.#.......#.#########
#.#.#####.............#
####.#.#########.#######.#
#.##(#......s....# #.#
#.##.############# #.#


You could see a polar bear shaped shifter and a hobgoblin.

Vanquished Creatures
  An ooze (D:1)
  4 leopard geckos (D:1)
  3 goblins (D:1)
  A ball python (D:1)
  A frilled lizard (D:1)
  3 kobolds (D:1)
  6 rats (D:1)
19 creatures vanquished.

Notes
Turn   | Place    | Note
-------+----------+-------------------------------------------
     0 | D:1      | Lavandula the Vine Stalker Chaos Knight began the quest for
                  | the Orb.
     0 | D:1      | Reached XP level 1. HP: 11/11 MP: 2/2
    52 | D:1      | Reached skill level 3 in Long Blades
    66 | D:1      | Reached XP level 2. HP: 10/16 MP: 1/3
   259 | D:1      | XOM: silly message
   297 | D:1      | Reached XP level 3. HP: 19/19 MP: 4/4
   318 | D:1      | XOM: divination: detect items
   339 | D:1      | XOM: silly message
   368 | D:1      | Noticed a glowing shapeshifter
   368 | D:1      | a bat changed into a glowing shapeshifter
   368 | D:1      | Noticed a shining eye
   368 | D:1      | a glowing shapeshifter changed into a shining eye
   370 | D:1      | Gained mutation: You are clumsy. (Dex -2) [a shining eye]
   371 | D:1      | Gained mutation: You passively map a small area around you.
                  | [a shining eye]
   372 | D:1      | Gained mutation: Armour fits poorly on your strangely
                  | shaped body. [a shining eye]
   373 | D:1      | Noticed a raiju
   373 | D:1      | a shining eye changed into a raiju
   374 | D:1      | XOM: potion effect (stabbing)
   382 | D:1      | Noticed a guardian serpent
   386 | D:1      | Noticed a tarantella
   386 | D:1      | a guardian serpent changed into a tarantella
   398 | D:1      | Noticed a jumping spider
   404 | D:1      | XOM: silly message
   407 | D:1      | Noticed a polar bear
   407 | D:1      | a jumping spider changed into a polar bear
   408 | D:1      | Slain by a hobgoblin

Levels and vault maps discovered:
D:1:      dpeg_arrival_tiny_k, layout_basic, ebering_dispersal_statue_hall

Skill      XL: |  1 |
---------------+----+-----
Long Blades    | 3 |  3.7
Fighting       | |  2.6
Armour         | |  1.5
Dodging        | |  0.7

Action                   || total
-------------------------++-------
Melee: Falchion          ||    39
       Bite              ||    12
Armor: Leather armour    ||     8
Dodge: Dodged            ||    17
       Rpst.: Falchion   ||     7

Table legend:
 A = Non-vault XP
 B = Vault XP
 C = Vault XP percentage of total XP
 D = Non-vault monster count
 E = Vault monster count
 F = Vault count percentage of total count
                 A         B        C        D         E       F
            +---------+---------+-------+---------+---------+-------
      Total |      37 |       0 |   0.0 |      19 |       0 |   0.0
            +---------+---------+-------+---------+---------+-------
        D:1 |      37 |       0 |   0.0 |      19 |       0 |   0.0
            +---------+---------+-------+---------+---------+-------
